 Dungeon Crawl Stone Soup version 0.27.1-33-g824d729ab1 (webtiles) character file.

Game seed: 13444507933717161111

14 SensoryNuts the Slasher (level 2, -1/22 HPs)
             Began as a Demonspawn Gladiator on Dec 7, 2021.
             Was a Believer of Lugonu.
             Slain by a hobgoblin (4 damage)
             ... on level 1 of the Dungeon.
             The game lasted 00:00:35 (245 turns).

SensoryNuts the Slasher (Demonspawn Gladiator)       Turns: 245, Time: 00:00:36

Health: -1/22      AC: 10    Str: 14    XL:     2   Next: 27%
Magic:  2/2        EV: 12    Int:  9    God:    Lugonu [**....]
Gold:   10         SH:  0    Dex: 14    Spells: 1/1 levels left

rFire    . . .     SeeInvis .   a - +0 long sword
rCold    . . .     Faith    .   (no shield)
rNeg     . . .     Spirit   .   b - +0 leather armour
rPois    .         Reflect  .   c - +0 helmet
rElec    .         Harm     .   (no cloak)
rCorr    .         Rampage  .   (no gloves)
Will     .....                  (no boots)
Stlth    +.........             (no amulet)
HPRegen  0.07/turn              (no ring)
MPRegen  0.08/turn              (no ring)

@: sanguine armoured
A: sanguine armour 1
a: Renounce Religion, Depart the Abyss, Bend Space


You were on level 1 of the Dungeon.
You worshipped Lugonu.
Lugonu was pleased with you.
You visited 1 branch of the dungeon, and saw 1 of its levels.

You collected 10 gold pieces.

Inventory:

Hand Weapons
 a - a +0 long sword (weapon)
Missiles
 d - 3 throwing nets (quivered)
Armour
 b - a +0 leather armour (worn)
 c - a +0 helmet (worn)
 f - a +0 tower shield
Potions
 e - a potion of heal wounds {unknown}


   Skills:
 + Level 2.1 Fighting
 + Level 3.0 Long Blades
 + Level 1.9 Throwing
 + Level 2.9 Dodging


You had one spell level left.
You didn't know any spells.
Your spell library was empty.

Dungeon Overview and Level Annotations

Branches:
Dungeon (1/15)

Altars:
Lugonu


Innate Abilities, Weirdness & Mutations

When seriously injured, your bleeding wounds create armour. (AC +6)


Message History

The frilled lizard closely misses you.
You riposte.
You hit the frilled lizard.
You kill the frilled lizard!
You see here a jackal corpse.
The bat hits you but does no damage.
You see here a frilled lizard corpse.
You closely miss the quokka. The bat hits you but does no damage.
The quokka barely misses you.
You riposte.
You hit the quokka.
You kill the quokka!
You hit the bat.
You kill the bat!
Things that are here:
a bat corpse; a jackal corpse Unknown command.
There is a faded altar of an unknown god here.
You cannot tell which god this altar belongs to.
Convert to them anyway?
Lugonu accepts your prayer! Lugonu welcomes you!
You can now depart the Abyss.
You can now bend space around yourself.
You see here a +0 tower shield.
A hobgoblin comes into view.
The hobgoblin shouts!
The hobgoblin moves out of view.
You see here a +0 tower shield.
You now have 10 gold pieces.
You see here a +0 tower shield.
f - a +0 tower shield The hobgoblin hits you.
* * * LOW HITPOINT WARNING * * *
A hobgoblin is nearby!
A hobgoblin is nearby!
A hobgoblin is nearby!
A hobgoblin is nearby!
A hobgoblin is nearby!
You are too injured to fight recklessly!
Unknown command.
You are too injured to fight recklessly!
You barely miss the hobgoblin. The hobgoblin hits you.
* * * LOW HITPOINT WARNING * * *
You closely miss the hobgoblin. The hobgoblin hits you.
You die...

...... ....... ♣. .......
....... #♣)
.......###....... #..
..................#.# +..
.8..∩..∩..∩!.∩....#.# #>.
..................#.# #.≈
..............###.#.# #≈≈
....♣..♣..♣..8......# #≈P
#......g@...........# #≈P
+...................# #≈≈
#∩..∩..†.._..∩......# #≈≈
.......†............# #≈≈
.......†............###≈≈
#♣..∩.....8..8........#≈.
#..............######.#≈.
#........."....# #.##'
#∩.....♣..∩..∩## #....


You could see a hobgoblin.

Vanquished Creatures
  A dart slug (D:1)
  An endoplasm (D:1)
  A goblin (D:1)
  A hobgoblin (D:1)
  2 jackals (D:1)
  A quokka (D:1)
  2 bats (D:1)
  A frilled lizard (D:1)
10 creatures vanquished.

Notes
Turn   | Place    | Note
-------+----------+-------------------------------------------
     0 | D:1      | SensoryNuts the Demonspawn Gladiator began the quest for
                  | the Orb.
     0 | D:1      | Reached XP level 1. HP: 16/16 MP: 1/1
   199 | D:1      | Found a faded altar of an unknown god.
   219 | D:1      | Reached skill level 3 in Long Blades
   219 | D:1      | Gained mutation: When seriously injured, your bleeding
                  | wounds create armour. (AC +6) [demonic ancestry]
   219 | D:1      | Reached XP level 2. HP: 7/22 MP: 2/2
   231 | D:1      | Became a worshipper of Lugonu the Unformed
   231 | D:1      | Reached * piety under Lugonu
   231 | D:1      | Reached ** piety under Lugonu
   245 | D:1      | Slain by a hobgoblin

Illustrated notes

Levels and vault maps discovered:
D:1:      tarquinn_simple_flora_water_c, layout_basic,
          hellmonk_ecumenical_altar_arch_garden

Skill      XL: |  1 |
---------------+----+-----
Long Blades    | 3 |  3.0
Fighting       | |  2.1
Throwing       | |  1.9
Dodging        | |  2.9

Action                   || total
-------------------------++-------
Melee: Long sword        ||    27
 Stab: Sleeping          ||     1
Armor: Leather armour    ||    13
Dodge: Dodged            ||    62
       Rpst.: Long sword ||    15
